 Dungeon Crawl Stone Soup version 0.17-a0-1570-g74b7129 (webtiles) character file.

1482 Chiseanne the Shooter (level 8, -7/58 HPs)
             Began as a Demonspawn Wanderer on July 23, 2015.
             Was a Believer of Dithmenos.
             Mangled by an orc warrior
             ... wielding a +0 trident of venom
              (16 damage)
             ... on level 6 of the Dungeon.
             The game lasted 00:26:14 (6931 turns).

Chiseanne the Shooter (Demonspawn Wanderer)         Turns: 6931, Time: 00:26:14

Health: -7/58      AC: 12    Str: 10    XL:     8   Next: 50%
Magic:  15/15      EV: 13    Int: 13    God:    Dithmenos [**....]
Gold:   306        SH:  0    Dex: 18    Spells: 1 memorised, 15 levels left

rFire  + . .     SeeInvis .     w - +0 blowgun
rCold  . . .     Clarity  .     o - +0 leather armour
rNeg   . . .     SustAt   .     (no shield)
rPois  .         Gourm    .     (no helmet)
rElec  .         Spirit   .     k - +2 cloak
rCorr  .         Warding  .     g - +0 pair of gloves
rMut   .         Stasis   .     q - +1 pair of boots
MR     .....                    (no amulet)
Stlth  +++++++...               (no ring)
                                C - ring of stealth

@: lethally poisoned (-7 -> -9), wreathed by umbra, not resistant to hostile
enchantments, extremely stealthy
A: talons 1, molten scales 2, fire resistance 1, nightstalker 2
a: Shadow Step, Renounce Religion


You were on level 6 of the Dungeon.
You worshipped Dithmenos.
Dithmenos was pleased with you.
You were hungry.

You visited 1 branch of the dungeon, and saw 7 of its levels.

You collected 320 gold pieces.
You spent 14 gold pieces at shops.

Inventory:

Hand weapons
 a - a +2 flail of pain
 e - a +2 shortbow
 s - the +5 short sword of Beogh's Righteous Fury {venom, rC- Str+4 Int+3 SInv}
   (You found it on level 5 of the Dungeon)

   It poisons the flesh of those it strikes.
   It affects your strength (+4).
   It affects your intelligence (+3).
   It makes you vulnerable to cold.
   It lets you see invisible.
 w - a +0 blowgun (weapon)
Missiles
 b - 58 arrows
 l - 66 bolts
 r - 13 steel bolts
 t - 18 sling bullets
 v - 44 poisoned needles (quivered)
 x - 15 poisoned bolts
 D - 2 tomahawks
Armour
 g - a +0 pair of gloves (worn)
 k - a +2 cloak (worn)
 o - a +0 leather armour (worn)
 q - a +1 pair of boots (worn)
Jewellery
 C - a ring of stealth (left hand)
Magical devices
 z - a wand of confusion (35)
Scrolls
 c - 4 scrolls of teleportation
 h - a scroll of magic mapping
 i - a scroll of remove curse
 y - a scroll of blinking
Potions
 n - 2 potions of heal wounds
 p - 2 potions of magic
 u - a potion of degeneration {unknown}
 A - a potion of brilliance {unknown}
 B - 2 potions of flight {unknown}
Books
 d - Kikubaaqudgha's Compendium of Sinister Secrets

   Spells                             Type                      Level
   a - Animate Skeleton               Necromancy                   1
   b - Sublimation of Blood           Necromancy                   2
Comestibles
 f - 8 bread rations
 m - 2 beef jerkies


   Skills:
 * Level 3.4 Fighting
 - Level 5.0 Bows
 - Level 3.0 Armour
 * Level 4.1 Dodging
 + Level 2.5 Stealth
   Level 1.7 Shields
 * Level 4.8 Spellcasting
 + Level 4.6 Necromancy


You had 15 spell levels left.
You knew the following spells:

 Your Spells              Type           Power        Failure   Level  Hunger
a - Animate Skeleton      Necr           N/A          4%          1    None


Dungeon Overview and Level Annotations

Branches:
Dungeon (7/15)             Temple (0/1) D:7

Altars:
Dithmenos
Elyvilon
Fedhas
Makhleb
Qazlal
Vehumet
The Shining One

Shops:
D:4 *%[%


Innate Abilities, Weirdness & Mutations

You have sharp toenails.
You are mostly covered in molten scales (AC +3, EV -1).
Your flesh is heat resistant.
You are significantly more attuned to the shadows.


Message History

You feel sick.
Drink which item? (? for menu, Esc to quit)
You feel better.
The orc warrior looks more healthy.
The orc warrior hits you from afar with a trident of venom!
* * * LOW HITPOINT WARNING * * *
You are poisoned.
You feel sick.
You feel sick.
You feel sick.
Firing (i - inventory. (,) - cycle):
v - 45 poisoned needles (quivered)
Press: ? - help, Shift-Dir - straight line, f/p - orc warrior
Aim: an orc warrior, wielding a trident of venom and wearing a chain mail (almost dead, umbra)
You shoot a poisoned needle.
The poisoned needle hits the orc warrior!
The orc warrior is poisoned.
The orc warrior is almost dead.
The orc warrior closely misses you.
You feel sick.
The orc warrior hits you from afar with a trident of venom!
You die...

##..#.#..# #........#
....#.#.######......#
..†.#...o.# #......#
.....##.#.# #......#
...#.##(#.####......#
####..#.....).[(....#
##...(.....o.o.[.#
#.#.....(...o...#
#...######..@...#
#####...#############
.......>......#
##....#######.#
##....# ##...#######
##....# #...)......#
##....####..........#
......##............#
...#####.#..........#


You could see an orc warrior and 2 orcs.

Vanquished Creatures
  A sky beast (D:6)
  3 ogres
  A phantom (D:6)
  2 giant frogs
  2 scorpions
  2 wights (D:7)
  A crimson imp (D:7)
  2 hounds
  A centaur skeleton (D:4)
  2 iguanas
  An orc priest (D:5)
  A giant frog skeleton (D:7)
  Jessica (D:3)
  4 worker ants
  An orc wizard (D:5)
  A hound skeleton (D:4)
  A worker ant zombie (D:6)
  9 adders
  2 oozes
  An adder zombie (D:5)
  A worm (D:2)
  2 giant geckos (D:1)
  14 orcs
  A ball python (D:2)
  A bat skeleton (D:4)
  A bat zombie (D:7)
  7 giant cockroaches
  13 goblins
  9 hobgoblins
  12 jackals
  12 kobolds
  2 quokkas (D:3)
  7 bats
  A giant gecko skeleton (D:5)
  A giant newt (D:1)
  2 quokka skeletons
  45 rats
170 creatures vanquished.

Vanquished Creatures (collateral kills)
  An ogre (D:5)
  The ghost of Nattefrost the Chopper, a weakling HOFi (D:3)
  A giant frog zombie (D:6)
  A giant frog skeleton (D:5)
  A worker ant (D:4)
  2 goblins
  A hobgoblin (D:2)
  A bat (D:3)
  2 giant newts
  A rat (D:4)
12 creatures vanquished.

Grand Total: 182 creatures vanquished

Notes
Turn   | Place    | Note
--------------------------------------------------------------
     0 | D:1      | Chiseanne the Demonspawn Wanderer began the quest for the Orb.
     0 | D:1      | Chiseanne set off with: a +2 shortbow, 24 arrows, a scroll of teleportation, Kikubaaqudgha's Compendium of Sinister Secrets, a +0 robe, a bread ration
     0 | D:1      | Reached XP level 1. HP: 15/15 MP: 2/2
     0 | D:1      | Identified Kikubaaqudgha's Compendium of Sinister Secrets
     2 | D:1      | Learned a level 1 spell: Animate Skeleton
   105 | D:1      | Gained mutation: You are partially covered in molten scales (AC +1). [demonic ancestry]
   105 | D:1      | Reached XP level 2. HP: 21/21 MP: 3/3
   645 | D:1      | Reached skill level 1 in Dodging
  1077 | D:2      | Found a blossoming altar of Fedhas.
  1118 | D:2      | Reached XP level 3. HP: 26/26 MP: 5/5
  1250 | D:2      | Reached skill level 1 in Armour
  1632 | D:2      | Gained mutation: Your flesh is heat resistant. [demonic ancestry]
  1632 | D:2      | Reached XP level 4. HP: 32/32 MP: 6/6
  1999 | D:3      | Noticed an ogre
  2001 | D:3      | Noticed Nattefrost's ghost (weakling HOFi)
  2005 | D:3      | Killed an ogre
  2005 | D:3      | Gained mutation: You are slightly more attuned to the shadows. [demonic ancestry]
  2005 | D:3      | Reached XP level 5. HP: 33/37 MP: 6/8
  2019 | D:3      | Killed Nattefrost's ghost
  2019 | D:3      | Reached skill level 4 in Bows
  2249 | D:3      | Found a radiant altar of Vehumet.
  2686 | D:3      | Noticed Jessica
  2698 | D:3      | Killed Jessica
  2802 | D:3      | Your ally Jessica died
  3013 | D:3      | Gained mutation: You have sharp toenails. [demonic ancestry]
  3013 | D:3      | Reached XP level 6. HP: 40/43 MP: 10/10
  3169 | D:4      | Found Latedoca's General Store.
  3178 | D:4      | Bought a scroll of noise for 14 gold pieces
  3179 | D:4      | Found a burning altar of Makhleb.
  3380 | D:4      | Found a shadowy altar of Dithmenos.
  3391 | D:4      | Became a worshipper of Dithmenos the Shadowed
  3402 | D:4      | Found Fuemipiga's Food Shoppe.
  3490 | D:4      | Found Hog Weck's Antique Armour Emporium.
  3502 | D:4      | Found Gawn's Food Emporium.
  3530 | D:4      | You fall through a shaft for 3 floors!
  3629 | D:7      | Found a staircase to the Ecumenical Temple.
  3953 | D:7      | Found a stormy altar of Qazlal.
  3976 | D:6      | Gained mutation: You are mostly covered in molten scales (AC +3, EV -1). [demonic ancestry]
  3976 | D:6      | Reached XP level 7. HP: 48/48 MP: 12/12
  3999 | D:5      | Entered Level 5 of the Dungeon
  4487 | D:4      | Found a glowing golden altar of the Shining One.
  4631 | D:4      | Reached skill level 1 in Stealth
  5893 | D:5      | Acquired Dithmenos's first power
  5915 | D:5      | Gained mutation: You are significantly more attuned to the shadows. [demonic ancestry]
  5915 | D:5      | Reached XP level 8. HP: 43/57 MP: 14/14
  5938 | D:5      | Got a pitted short sword
  5939 | D:5      | Identified the +5 short sword of Beogh's Righteous Fury {venom, rC- Str+4 Int+3 SInv} (You found it on level 5 of the Dungeon)
  6793 | D:6      | Found a white marble altar of Elyvilon.
  6866 | D:6      | Reached skill level 5 in Bows
  6931 | D:6      | Mangled by an orc warrior

Vault maps used:
D:1:      shiori_arrival_oz, dk_noncrumbling_3, grunt_decor_one_mirror
D:2:      nicolae_overflow_hidden_temple, corexii_item_surrounded_by_moat,
          minmay_rats_cheesy_pizza
D:3:      lemuel_crystal_altar, first_bread, kennysheep_jessica_study
D:4:      tso_oasis_becter, kennysheep_mini, serial_shops, shop, shop_statue,
          nicolae_shop_window_shopping, nicolae_shop_crystal,
          nicolae_dithmenos_the_darkroom
D:5:      minmay_divided_ellipse
D:6:      kennysheep_steamy, yredelemnul_altar_generic, kennysheep_little_box
D:7:      nicolae_qazlal_general_emergency, lemuel_temple_firewalk_marked

Action                   |  1- 3 |  4- 6 |  7- 9 || total
-------------------------+-------+-------+-------++-------
Melee: Short sword       |    88 |       |     3 ||    91
       Mace              |     1 |    21 |       ||    22
       Flail             |       |   144 |   173 ||   317
 Fire: Shortbow          |    54 |    45 |    71 ||   170
       Blowgun           |       |       |    10 ||    10
 Cast: Animate Skeleton  |    22 |    24 |    24 ||    70
  Use: Scroll            |     4 |     3 |     4 ||    11
       Potion            |       |     1 |     1 ||     2
 Stab: Sleeping          |     1 |     4 |     9 ||    14
       Distracted        |       |     1 |       ||     1
  Eat: Chunk             |     3 |     8 |     8 ||    19
       Pizza             |       |       |     1 ||     1
